[Event "Titled Tuesday Blitz May 30 Late 2023"]
[White "Timmermans, Mark"]
[Black "Bortnyk, Olexandr"]
[WhiteFideId "1026399"]
[BlackFideId "14120828"]
[WhiteElo "2460"]
[BlackElo "2734"]
[Result "0-1"]
[Round "05"]
[TimeControl "180+2"]
[Date "2023.05.31"]
[WhiteClock "0:00:07"]
[BlackClock "0:00:40"]

1. b4 e5 2. Bb2 f6 3. e4 Bxb4 4. Bc4 Ne7 5. Qh5+ Ng6 6. f4 exf4 7. Nf3 Qe7 8. Kd1 Kd8 9. Nc3 c6 10. Re1 Qc5 11. Qxc5 Bxc5 12. d4 Bb4 13. e5 d5 14. exd6 Bxd6 15. Ne4 Bb4 16. c3 Be7 17. Kd2 Bf5 18. Bd3 Na6 19. a4 Nc7 20. a5 Nd5 21. a6 b6 22. Re2 Ne3 23. c4 Bxe4 24. Bxe4 Nxc4+ 25. Kc3 Nxb2 26. Kxb2 Rc8 27. Rc1 c5 28. dxc5 Rxc5 29. Rd1+ Ke8 30. Nd4 Ne5 31. Nf5 Rb5+ 32. Ka2 Ra5+ 33. Kb1 g6 34. Nd4 Kf7 35. Nc6 Nxc6 36. Bxc6 Rd8 37. Rde1 Bb4 38. Rf1 Rxa6 39. Rxf4 Bc3 40. Rfe4 Be5 41. Bb5 Ra1+ 42. Kc2 Ra2+ 43. Kb3 Rxe2 44. Rxe2 Bxh2 45. Bc4+ Kf8 46. Re3 Be5 0-1


[Site "https://www.chess.com"]

[Event "Titled Tuesday Blitz May 30 Late 2023"]
[White "Kramnik, Vladimir"]
[Black "Domingo Nunez, Ruben"]
[WhiteFideId "4101588"]
[BlackFideId "22245570"]
[WhiteElo "2703"]
[BlackElo "2404"]
[Result "1-0"]
[Round "05"]
[TimeControl "180+2"]
[Date "2023.05.31"]
[WhiteClock "0:00:28"]
[BlackClock "0:00:02"]

1. e4 g6 2. d4 Bg7 3. Nf3 c6 4. c4 d5 5. cxd5 cxd5 6. e5 Nc6 7. Bb5 Nh6 8. O-O O-O 9. Bxc6 bxc6 10. Nbd2 f6 11. exf6 exf6 12. Re1 Nf7 13. Nb3 Nd6 14. Nc5 Bf5 15. b3 Re8 16. Rxe8+ Qxe8 17. Bf4 Bf8 18. Rc1 g5 19. Be3 Bg6 20. Qf1 Nf5 21. Re1 Qc8 22. h3 h5 23. Qd3 Kh7 24. Qc3 g4 25. hxg4 hxg4 26. Nh2 g3 27. Ng4 Kg7 28. fxg3 Bd6 29. Bf4 Bxf4 30. Ne6+ Kf7 31. Nxf4 Nd6 32. Re6 Ne4 33. Qb4 Bf5 34. Qe7+ Kg8 35. Nh6+ Kh8 36. Nxf5 Qa6 37. Qg7# 1-0


[Site "https://www.chess.com"]

[Event "Titled Tuesday Blitz May 30 Late 2023"]
[White "Rosen, Eric"]
[Black "Moussard, Jules"]
[WhiteFideId "2032562"]
[BlackFideId "642908"]
[WhiteElo "2331"]
[BlackElo "2610"]
[Result "0-1"]
[Round "05"]
[TimeControl "180+2"]
[Date "2023.05.31"]
[WhiteClock "0:00:01"]
[BlackClock "0:00:21"]

1. d4 d5 2. Bf4 Nf6 3. e3 Nbd7 4. Nf3 e6 5. Nbd2 Nh5 6. Bg3 Nxg3 7. hxg3 Bd6 8. e4 dxe4 9. Nxe4 Nf6 10. Bd3 Nxe4 11. Bxe4 h6 12. Qe2 c6 13. O-O-O Qa5 14. Kb1 Bd7 15. Ne5 Qc7 16. f4 Rf8 17. Qh5 Bxe5 18. dxe5 O-O-O 19. Qg4 Rg8 20. Bh7 Rgf8 21. Qxg7 c5 22. Be4 c4 23. c3 Ba4 24. Bc2 Bxc2+ 25. Kxc2 Qc6 26. Qxh6 Qa4+ 27. Kc1 Qxa2 28. Qh4 Rd3 29. Rxd3 cxd3 30. Qe7 Rd8 31. Rd1 Qa1+ 32. Kd2 Qxb2+ 33. Ke3 Qe2# 0-1


[Site "https://www.chess.com"]

[Event "Titled Tuesday Blitz May 30 Late 2023"]
[White "Melikyan, Gnel"]
[Black "Lazavik, Denis"]
[WhiteFideId "54109990"]
[BlackFideId "13515110"]
[WhiteElo "2138"]
[BlackElo "2560"]
[Result "0-1"]
[Round "05"]
[TimeControl "180+2"]
[Date "2023.05.31"]
[WhiteClock "0:00:05"]
[BlackClock "0:00:41"]

1. e4 c5 2. Nf3 e6 3. d4 cxd4 4. Nxd4 Nc6 5. Nc3 Qc7 6. Be2 Nf6 7. O-O a6 8. a3 Be7 9. Be3 O-O 10. f4 d6 11. Kh1 Nxd4 12. Qxd4 b5 13. Qb6 Qxb6 14. Bxb6 Bb7 15. Bf3 Nd7 16. Be3 Rac8 17. Rfd1 Rfd8 18. Rd2 Kf8 19. Rad1 Ke8 20. Kg1 Nc5 21. Kf2 Rc7 22. Bd4 g6 23. Be3 Rdc8 24. g3 Nd7 25. Rc1 Nf6 26. Bd4 h5 27. Ke3 Nd7 28. Ke2 Bc6 29. Nd1 Nc5 30. Nf2 Bb7 31. c3 Nd7 32. Rcd1 a5 33. Be3 Ba6 34. Ke1 Nc5 35. Be2 Nb3 36. Rc2 Ra8 37. Bb6 Rc6 38. Be3 b4 39. Bxa6 Raxa6 40. axb4 axb4 41. Nd3 Ra4 42. Rb1 bxc3 43. Rxc3 Rxc3 44. bxc3 Rxe4 45. Rxb3 Rxe3+ 46. Kd2 Re4 47. Rb4 Rxb4 48. Nxb4 Kd7 49. Kd3 d5 50. Nc2 Bc5 51. c4 Bg1 52. h3 dxc4+ 53. Kxc4 Bh2 54. g4 hxg4 55. hxg4 Bxf4 56. Kd4 Ke7 57. Ke4 Bc7 58. Nd4 Bb6 59. Nc6+ Kd6 60. Nb4 Ba5 61. Nd3 f5+ 62. gxf5 gxf5+ 63. Kf3 e5 64. Nf2 Kd5 65. Ke2 e4 66. Nh3 Ke5 67. Nf2 Bd8 68. Nd1 f4 69. Nc3 f3+ 70. Kf1 e3 71. Ke1 Ba5 0-1


[Site "https://www.chess.com"]

[Event "Titled Tuesday Blitz May 30 Late 2023"]
[White "Popilski, Gil"]
[Black "Bok, Benjamin"]
[WhiteFideId "2809060"]
[BlackFideId "1017063"]
[WhiteElo "2537"]
[BlackElo "2657"]
[Result "0-1"]
[Round "05"]
[TimeControl "180+2"]
[Date "2023.05.31"]
[WhiteClock "0:00:01"]
[BlackClock "0:00:03"]

1. e4 c5 2. Nf3 d6 3. d4 cxd4 4. Nxd4 Nf6 5. Nc3 a6 6. f4 e5 7. Nf3 Nbd7 8. Qe2 b5 9. a4 b4 10. Nd5 Bb7 11. Bd2 a5 12. Qb5 Bxd5 13. exd5 Rb8 14. Qa6 Qc7 15. Bb5 Be7 16. fxe5 dxe5 17. Qc6 Bd6 18. O-O-O O-O 19. g4 Nb6 20. g5 Nfxd5 21. Qxc7 Nxc7 22. Rhe1 Nxb5 23. axb5 Rfe8 24. Be3 Nc4 25. Ba7 Rb7 26. Bg1 e4 27. b3 Bf4+ 28. Kb1 Na3+ 29. Ka2 Nxb5 30. Ka1 Nc3 31. Rd4 Rbe7 32. Nd2 Be5 33. Rc4 e3 34. Rxe3 Nd5+ 35. Rxe5 Rxe5 36. Nf3 Re2 37. Kb2 g6 0-1


[Site "https://www.chess.com"]

[Event "Titled Tuesday Blitz May 30 Late 2023"]
[White "Sjugirov, Sanan"]
[Black "Ibadov, Dashgyn"]
[WhiteFideId "4189302"]
[BlackFideId "24107514"]
[WhiteElo "2569"]
[BlackElo "2208"]
[Result "0-1"]
[Round "05"]
[TimeControl "180+2"]
[Date "2023.05.31"]
[WhiteClock "0:00:04"]
[BlackClock "0:00:27"]

1. e4 e6 2. d4 d5 3. Nd2 c5 4. Ngf3 cxd4 5. exd5 Qxd5 6. Bc4 Qd6 7. O-O Nf6 8. Nb3 Nc6 9. Nbxd4 Nxd4 10. Nxd4 Be7 11. c3 O-O 12. Qf3 Qc7 13. Bb3 a5 14. a4 Bd7 15. Re1 Bc6 16. Qh3 Be4 17. Bg5 Bg6 18. Nb5 Qc6 19. Rad1 Rad8 20. Nd4 Qb6 21. Nb5 Bc5 22. Bh4 Ne4 23. Qf3 Nd2 24. Qf4 Nxb3 25. Bxd8 Rxd8 26. h4 h6 27. g4 Be7 28. h5 Bc2 29. Rxd8+ Qxd8 30. Qc7 Qd2 31. Rf1 Qg5 32. Qg3 Nd2 33. Re1 Be4 0-1


[Site "https://www.chess.com"]

[Event "Titled Tuesday Blitz May 30 Late 2023"]
[White "Arabidze, Meri"]
[Black "Deac, Bogdan-Daniel"]
[WhiteFideId "13604040"]
[BlackFideId "1226380"]
[WhiteElo "2405"]
[BlackElo "2649"]
[Result "0-1"]
[Round "05"]
[TimeControl "180+2"]
[Date "2023.05.31"]
[WhiteClock "0:00:06"]
[BlackClock "0:00:07"]

1. Nf3 b6 2. g3 Bb7 3. Bg2 c5 4. O-O g6 5. c4 Bg7 6. Nc3 Nf6 7. d3 O-O 8. e4 d6 9. Re1 Nc6 10. Bg5 Nd7 11. Qd2 Re8 12. Nd5 Nde5 13. Nxe5 Bxe5 14. Rab1 Qd7 15. a3 Nd4 16. b4 Bg7 17. h4 h5 18. bxc5 dxc5 19. e5 Ne6 20. Bh6 Rad8 21. a4 Bc6 22. a5 b5 23. Bxg7 Kxg7 24. Bh3 b4 25. Nf4 Bf3 26. Bxe6 fxe6 27. Qe3 Qc6 28. Kh2 Kh7 29. Nh3 Bg4 30. Nf4 Bf5 31. Rb3 Rd7 32. f3 Red8 33. Rg1 Qa4 34. Rgb1 Rd4 35. R1b2 Qd7 36. Rd2 Qa4 37. Rdb2 Qxa5 38. g4 hxg4 39. fxg4 Bxg4 40. Qg3 Bf5 41. h5 Rxf4 42. hxg6+ Kg7 43. Qxf4 Rh8+ 44. Kg3 Qa1 45. Qf2 Rh3+ 46. Kf4 Qh1 47. d4 Rh4+ 48. Ke3 Re4+ 49. Kd2 Rxd4+ 50. Ke2 Qe4+ 51. Qe3 Bg4+ 52. Kf2 Qf5+ 53. Kg3 Bh5 54. Rf2 Rg4+ 55. Kh2 Rh4+ 56. Kg1 Qg4+ 57. Rg2 Qd1+ 58. Kf2 Rd4 59. Rb2 Rd3 60. Qf4 Rf3+ 61. Qxf3 Qxf3+ 62. Kg1 Qe3+ 63. Kh2 Qxe5+ 64. Kg1 Bxg6 65. Rbe2 Qd4+ 66. Kh2 Kf7 67. Ref2+ Bf5 68. Rg3 Qxf2+ 0-1


[Site "https://www.chess.com"]

[Event "Titled Tuesday Blitz May 30 Late 2023"]
[White "Kevlishvili, Robby"]
[Black "Zheng, Richard"]
[WhiteFideId "1040634"]
[BlackFideId "2624893"]
[WhiteElo "2572"]
[BlackElo "2643"]
[Result "1-0"]
[Round "05"]
[TimeControl "180+2"]
[Date "2023.05.31"]
[WhiteClock "0:00:52"]
[BlackClock "0:00:34"]

1. e4 c6 2. Nf3 d5 3. d3 g6 4. e5 Bg7 5. d4 Bg4 6. Nbd2 e6 7. h3 Bxf3 8. Nxf3 Ne7 9. Be2 c5 10. c3 Nbc6 11. O-O O-O 12. Be3 Nf5 13. Qd2 cxd4 14. cxd4 Qb6 15. Rad1 Rac8 16. Nh2 Nb4 17. a3 Rc2 18. Qe1 Nc6 19. Bd3 Rxb2 20. Bxf5 gxf5 21. Nf3 Rc8 22. Bg5 Na5 23. Qe3 Nc4 24. Qf4 Kh8 25. Bf6 Bxf6 26. exf6 Qd6 27. Qh6 Qf8 28. Qh5 Qg8 29. Ng5 Rc7 30. Qh6 Rc8 31. Rd3 Nd6 32. Rg3 f4 33. Nxf7+ Nxf7 34. Rxg8+ Rxg8 35. Qxf4 Re2 36. Rc1 Ng5 37. Kh1 Nxh3 38. gxh3 Re4 39. Qh6 1-0


[Site "https://www.chess.com"]

[Event "Titled Tuesday Blitz May 30 Late 2023"]
[White "Saveliev, Alexei"]
[Black "Babazada, Khazar"]
[WhiteFideId "24128546"]
[BlackFideId "13413554"]
[WhiteElo "2271"]
[BlackElo "2351"]
[Result "0-1"]
[Round "05"]
[TimeControl "180+2"]
[Date "2023.05.31"]
[WhiteClock "0:00:31"]
[BlackClock "0:02:07"]

1. c4 Nf6 2. Nc3 d6 3. d4 g6 4. e4 Bg7 5. f4 O-O 6. Nf3 c5 7. d5 e6 8. Be2 exd5 9. cxd5 b5 10. e5 dxe5 11. fxe5 Ng4 12. Bg5 Qb6 13. O-O c4+ 14. Kh1 Nd7 15. h3 Ngxe5 16. Nxe5 Nxe5 17. Be7 Re8 18. d6 Bb7 19. Bg4 b4 20. Ne2 Nxg4 21. hxg4 Qe3 22. Nf4 Be5 23. Nd5 Qg3 24. Kg1 Qh2+ 25. Kf2 Bg3+ 26. Kf3 Bxd6 0-1


[Site "https://www.chess.com"]

[Event "Titled Tuesday Blitz May 30 Late 2023"]
[White "Henriquez Villagra, Cristobal"]
[Black "Bernabeu Lopez, Carlos Javier"]
[WhiteFideId "3409350"]
[BlackFideId "2235366"]
[WhiteElo "2542"]
[BlackElo "2344"]
[Result "1-0"]
[Round "05"]
[TimeControl "180+2"]
[Date "2023.05.31"]
[WhiteClock "0:00:18"]
[BlackClock "0:00:03"]

1. d3 e5 2. Nf3 Nc6 3. e4 Nf6 4. Be2 Be7 5. O-O O-O 6. c3 d5 7. Nbd2 h6 8. b4 a6 9. a3 Be6 10. Bb2 Qd7 11. c4 d4 12. b5 axb5 13. cxb5 Na5 14. a4 Bd6 15. Bxd4 exd4 16. e5 Bxe5 17. Nxe5 Qd6 18. f4 Nd5 19. Ne4 Qe7 20. Rf3 Bf5 21. Ng3 Bh7 22. Qc2 Ne3 23. Qb2 Rad8 24. Rc1 f6 25. Qd2 fxe5 26. Qxa5 exf4 27. Rxc7 Qg5 28. h4 Qxh4 29. Nf1 Qg5 30. Nxe3 fxe3 31. Rxb7 Rxf3 32. Bxf3 Bxd3 33. Qc7 e2 34. Qf7+ Kh8 35. Qe7 Qc1+ 36. Kh2 Qf4+ 37. g3 Qf6 38. Qxf6 gxf6 39. Re7 Rc8 40. b6 Rc2 41. Kh3 Bf5+ 42. g4 d3 43. b7 Rb2 44. gxf5 Kg8 45. a5 Kf8 46. Re6 d2 47. Bxe2 Rxb7 48. Rxf6+ Kg7 49. Rg6+ Kf7 50. Rd6 Rb3+ 51. Kg2 1-0


[Site "https://www.chess.com"]

[Event "Titled Tuesday Blitz May 30 Late 2023"]
[White "Moroni, Luca Jr"]
[Black "Perez, Maximiliano"]
[WhiteFideId "865834"]
[BlackFideId "117234"]
[WhiteElo "2569"]
[BlackElo "2344"]
[Result "1-0"]
[Round "05"]
[TimeControl "180+2"]
[Date "2023.05.31"]
[WhiteClock "0:00:04"]
[BlackClock "0:00:02"]

1. d4 Nf6 2. Bf4 g6 3. Nc3 Bg7 4. e4 d6 5. Qd2 c6 6. O-O-O Qa5 7. f3 Nbd7 8. Kb1 b5 9. Bh6 Bxh6 10. Qxh6 b4 11. Nce2 Nb6 12. Nc1 e5 13. Qg7 Ke7 14. Nb3 Qa4 15. dxe5 dxe5 16. Qxh8 Be6 17. Qg7 c5 18. Ne2 Rc8 19. f4 c4 20. fxe5 Ne8 21. Qxh7 cxb3 22. Qh4+ Kf8 23. axb3 Bxb3 24. cxb3 Qxb3 25. Qh6+ Kg8 26. Rd2 Nc4 27. e6 fxe6 28. h4 Na3+ 29. Ka1 Nc2+ 30. Kb1 Qa4 31. Nc3 Rxc3 32. bxc3 b3 33. Qxg6+ Kf8 34. Qh6+ Kg8 35. Qg5+ Kh7 36. Qh5+ Kg8 37. Qg6+ Kh8 38. Rxc2 bxc2+ 39. Kc1 Qb3 40. Qxe8+ Kg7 41. Qe7+ Kh6 42. Qg5+ Kh7 43. Kd2 Qb2 44. Qe7+ Kh8 45. Qf6+ Kg8 46. Qg5+ Kf8 47. Kd3 c1=Q 48. Qf6+ Kg8 49. Qg6+ Kh8 50. Qf6+ Kh7 51. Qf7+ Kh6 52. Qf8+ Kh7 53. Qe7+ Kh6 54. Qxe6+ Kh7 55. Qe7+ Kh6 56. Qg5+ Qxg5 57. hxg5+ Kxg5 58. Be2 Qb5+ 59. Ke3 Qc5+ 60. Kd2 Qf2 61. Rh5+ Kg6 62. g4 Qf4+ 63. Kd3 Qg3+ 64. Kd4 Qf2+ 65. Kd3 Qg3+ 66. Kc2 Qf2 67. Kd1 1-0


[Site "https://www.chess.com"]

[Event "Titled Tuesday Blitz May 30 Late 2023"]
[White "Aldokhin, Ivan"]
[Black "Terry, Renato"]
[WhiteFideId "24115720"]
[BlackFideId "3803457"]
[WhiteElo "2322"]
[BlackElo "2575"]
[Result "1/2-1/2"]
[Round "05"]
[TimeControl "180+2"]
[Date "2023.05.31"]
[WhiteClock "0:00:04"]
[BlackClock "0:01:25"]

1. e4 e6 2. d4 d5 3. Nc3 Nf6 4. e5 Nfd7 5. f4 c5 6. Nf3 Nc6 7. Be3 Be7 8. Qd2 O-O 9. g3 Rb8 10. Bg2 b5 11. O-O b4 12. Ne2 Ba6 13. Rf2 Bxe2 14. Qxe2 cxd4 15. Nxd4 Nxd4 16. Bxd4 Bc5 17. Bxc5 Nxc5 18. f5 Qb6 19. f6 g6 20. Qe3 Kh8 21. Kh1 Nd7 22. Qh6 Rg8 23. Re2 Qd4 24. Rae1 Rbc8 25. b3 Rc3 26. Bh3 Qc5 27. Rf1 Rxc2 28. Rxc2 Qxc2 29. Bxe6 fxe6 30. Rf4 g5 31. f7 gxf4 32. fxg8=Q+ Kxg8 33. Qxe6+ Kf8 34. Qxd7 Qe4+ 35. Kg1 f3 36. Qd8+ Kf7 37. Qf6+ Ke8 38. Qe6+ Kd8 39. Qd6+ Kc8 40. Qc6+ Kb8 41. Qb5+ Kc7 42. Qc5+ Kd7 43. Qd6+ Kc8 44. Qc6+ Kb8 45. Qb5+ Kc7 46. Qc5+ Kd8 47. Qd6+ Ke8 48. Qe6+ Kf8 49. Qf6+ Kg8 50. Qd8+ Kg7 51. Qf6+ Kg8 52. Qd8+ Kf7 53. Qf6+ Ke8 54. Qe6+ 1/2-1/2


[Site "https://www.chess.com"]

[Event "Titled Tuesday Blitz May 30 Late 2023"]
[White "Remizov, Yaroslav"]
[Black "Lopez Mulet, Inigo"]
[WhiteFideId "34134015"]
[BlackFideId "22235620"]
[WhiteElo "2400"]
[BlackElo "2289"]
[Result "1-0"]
[Round "05"]
[TimeControl "180+2"]
[Date "2023.05.31"]
[WhiteClock "0:02:26"]
[BlackClock "0:02:23"]

1. d4 c6 2. e4 d5 3. Nc3 dxe4 4. Nxe4 Bf5 5. Ng3 Bg6 6. Bc4 e6 7. N1e2 Nf6 8. O-O Bd6 9. f4 Qc7 10. f5 exf5 11. Nxf5 Bxh2+ 12. Kh1 O-O 13. g3 Bxf5 14. Rxf5 Bxg3 15. Rxf6 gxf6 16. Qg1 Nd7 17. Bh6 Rfe8 18. Nxg3 Kh8 19. Nf5 1-0


[Site "https://www.chess.com"]

[Event "Titled Tuesday Blitz May 30 Late 2023"]
[White "Bryakin, Mikhail"]
[Black "Mustafayev, Farid"]
[WhiteFideId "4165314"]
[BlackFideId "13408771"]
[WhiteElo "2467"]
[BlackElo "2197"]
[Result "1-0"]
[Round "05"]
[TimeControl "180+2"]
[Date "2023.05.31"]
[WhiteClock "0:00:18"]
[BlackClock "0:00:06"]

1. Nf3 Nf6 2. c4 c5 3. g3 b6 4. Bg2 Bb7 5. O-O e6 6. Nc3 Be7 7. Re1 O-O 8. e4 d6 9. d4 cxd4 10. Nxd4 Qc8 11. b3 a6 12. Qd3 Nbd7 13. h3 Rd8 14. Be3 h5 15. Rac1 Bf8 16. f4 g6 17. Qb1 Bg7 18. Nf3 Qc7 19. Ng5 Rac8 20. Nd1 Qb8 21. Nf2 e5 22. f5 gxf5 23. exf5 Bxg2 24. Kxg2 Qb7+ 25. Nge4 d5 26. cxd5 Nxd5 27. Bd2 N7f6 28. Kh2 Qd7 29. Bg5 Rxc1 30. Rxc1 Rc8 31. Rd1 Qc6 32. Qd3 Qc2 33. Qxc2 Rxc2 34. Rd2 Rxd2 35. Bxd2 Bf8 36. g4 hxg4 37. hxg4 Nd7 38. Nd3 f6 39. Kg3 Kg7 40. Kf3 Nb8 41. Nc3 Nc7 42. Ke4 Nc6 43. Nd5 Nxd5 44. Kxd5 Nd4 45. Be3 Nb5 46. a4 Nc3+ 47. Kc4 Nd1 48. Bxb6 e4 49. Nf2 e3 50. Nd3 Ba3 51. Ne1 e2 52. Kd3 Bb4 53. Kxe2 Nc3+ 54. Kd3 Nxa4 55. bxa4 Bxe1 56. Kc4 Kf7 57. Kd5 Ke7 58. Kc6 Bc3 59. Bc5+ Kd8 60. Kb6 a5 61. Kc6 Kc8 62. Bb6 Be5 63. Kb5 1-0


[Site "https://www.chess.com"]

[Event "Titled Tuesday Blitz May 30 Late 2023"]
[White "Petrosyan, Manuel"]
[Black "Garakov, Mikhael"]
[WhiteFideId "13300857"]
[BlackFideId "4169034"]
[WhiteElo "2576"]
[BlackElo "2347"]
[Result "1-0"]
[Round "05"]
[TimeControl "180+2"]
[Date "2023.05.31"]
[WhiteClock "0:00:03"]
[BlackClock "0:00:04"]

1. e4 c5 2. Nf3 e6 3. d4 cxd4 4. Nxd4 Nc6 5. Nc3 Qc7 6. Be3 a6 7. Qf3 d6 8. O-O-O Bd7 9. Qg3 Nf6 10. f4 h5 11. Be2 b5 12. e5 dxe5 13. fxe5 Qxe5 14. Bf4 Qc5 15. Nb3 Qa7 16. Bxb5 Rc8 17. Ba4 h4 18. Qf3 Bb4 19. Ne4 Nd5 20. Nd6+ Bxd6 21. Bxd6 Qe3+ 22. Qxe3 Nxe3 23. Rd3 Nxg2 24. Nc5 Nb8 25. Nxd7 Nxd7 26. Be5 O-O 27. Bxd7 Rc4 28. b3 Rg4 29. h3 Rg6 30. Bd6 Rd8 31. Bc7 Ra8 32. Rhd1 f5 33. Bc6 Rc8 34. Rd8+ Rxd8 35. Rxd8+ Kh7 36. Be8 Rg5 37. Bf7 Ne3 38. Bxe6 Rg2 39. Rd2 Rg1+ 40. Kb2 Nd1+ 41. Ka3 Kg6 42. Bc4 Ne3 43. Rd6+ Kg5 44. Bd3 f4 45. Rg6+ Kh5 46. Rxg1 f3 47. Bf4 f2 48. Rg5+ Kh6 49. Bxe3 1-0


[Site "https://www.chess.com"]

[Event "Titled Tuesday Blitz May 30 Late 2023"]
[White "Milikow, Yoav"]
[Black "ElDivis"]
[WhiteFideId "2822237"]
[WhiteElo "2410"]
[BlackElo "2539"]
[Result "0-1"]
[Round "05"]
[TimeControl "180+2"]
[Date "2023.05.31"]
[WhiteClock "0:00:12"]
[BlackClock "0:00:09"]

1. d4 Nf6 2. c4 g6 3. Nc3 Bg7 4. e4 d6 5. Be2 O-O 6. Be3 Nbd7 7. Nf3 Ng4 8. Bg5 c5 9. Nd5 f6 10. Bd2 e6 11. Nf4 Nb6 12. h3 Nh6 13. dxc5 dxc5 14. Qc2 Nf7 15. O-O Qe7 16. Be3 Bd7 17. Rfd1 Bc6 18. Nd2 Rad8 19. Nb3 Ba4 20. Rxd8 Rxd8 21. Rd1 Rxd1+ 22. Bxd1 Nd7 23. Qd2 b6 24. Nxc5 Nxc5 25. Bxc5 Qxc5 26. Bxa4 Bh6 27. Qe3 Qxe3 28. fxe3 Bxf4 29. exf4 Nd6 30. e5 fxe5 31. fxe5 Nxc4 32. Bb3 Nxe5 33. Bxe6+ Kg7 34. Kf1 Nd3 35. b3 Kf6 36. Bc4 Nb4 37. a3 Nc2 38. a4 Ne3+ 39. Ke2 Nxc4 40. bxc4 Ke5 41. Ke3 g5 42. g3 h5 43. Kd3 h4 44. gxh4 gxh4 45. Ke3 a5 46. Kf3 Kf5 47. Ke3 Ke5 48. Kf3 Kd4 49. Kg4 Kxc4 50. Kxh4 b5 51. axb5 Kxb5 52. Kg4 a4 53. h4 a3 54. h5 a2 55. h6 a1=Q 56. h7 Qh8 0-1


[Site "https://www.chess.com"]

[Event "Titled Tuesday Blitz May 30 Late 2023"]
[White "Prem, Pranav"]
[Black "Maksimovic, Bojan"]
[WhiteFideId "30901057"]
[BlackFideId "14408120"]
[WhiteElo "1970"]
[BlackElo "2468"]
[Result "0-1"]
[Round "05"]
[TimeControl "180+2"]
[Date "2023.05.31"]
[WhiteClock "0:00:02"]
[BlackClock "0:00:07"]

1. d4 g6 2. c4 Bg7 3. e4 d6 4. Nf3 Nf6 5. Nc3 O-O 6. Be2 Nbd7 7. O-O e5 8. Qc2 c6 9. d5 c5 10. a3 Kh8 11. Ne1 Ng8 12. Be3 f5 13. exf5 gxf5 14. f4 e4 15. Rb1 Qf6 16. g3 b6 17. Ng2 Nh6 18. Nd1 Qe7 19. Bd2 Bd4+ 20. Nde3 Qg7 21. b4 Nf6 22. Kh1 Bd7 23. Bc3 Nfg4 24. Nxg4 Nxg4 25. Bxg4 Qxg4 26. Rfd1 Bxc3 27. Qxc3+ Qg7 28. Qxg7+ Kxg7 29. Ne3 Kf6 30. Kg2 h5 31. bxc5 dxc5 32. Kf2 Rg8 33. Ng2 Ke7 34. Ke3 Kd6 35. Nh4 Rg4 36. Rb2 Rag8 37. a4 Rb8 38. a5 Rgg8 39. Rdb1 Kc7 40. Ng2 Rg6 41. Nh4 Rf6 42. Ng2 Bc8 43. Kd2 Ba6 44. Kc3 Rb7 45. Ne3 Rb8 46. axb6+ axb6 47. Ng2 Bb7 48. Ra1 Ra8 49. Rxa8 Bxa8 50. Ra2 Bb7 51. Kd2 Kb8 52. Ke3 Bc8 53. Nh4 Bd7 54. Rb2 Kb7 55. Ng2 Rd6 56. Ke2 b5 57. cxb5 Rxd5 58. Ne3 Rd4 59. b6 Rb4 60. Rd2 Rd4 61. Rb2 Be6 62. h3 Rb4 63. Rc2 c4 64. Kf2 Kxb6 65. g4 hxg4 66. hxg4 fxg4 67. f5 Bg8 68. Nxg4 Kc5 69. Nf6 Bd5 70. Nxd5 Kxd5 71. f6 Rb3 72. Rd2+ Ke5 73. Rc2 Rf3+ 74. Ke2 c3 75. f7 Kd4 76. f8=Q Rxf8 77. Rc1 Rh8 78. Ra1 Rh2+ 0-1


[Site "https://www.chess.com"]

[Event "Titled Tuesday Blitz May 30 Late 2023"]
[White "Pakleza, Zbigniew"]
[Black "Ladan, Nicholas"]
[WhiteFideId "1119290"]
[BlackFideId "30918855"]
[WhiteElo "2410"]
[BlackElo "2167"]
[Result "1-0"]
[Round "05"]
[TimeControl "180+2"]
[Date "2023.05.31"]
[WhiteClock "0:00:42"]
[BlackClock "0:00:41"]

1. d4 d5 2. Bf4 c5 3. c3 Nc6 4. e3 Nf6 5. Nd2 cxd4 6. cxd4 Bf5 7. Ngf3 e6 8. Qb3 Nb4 9. Bb5+ Nd7 10. Ne5 Nc6 11. Nxc6 bxc6 12. Bxc6 Rc8 13. Qa4 e5 14. Bxe5 Qb6 15. Rc1 Bb4 16. Bxd7+ Bxd7 17. Rxc8+ Ke7 18. Rc7 Bxd2+ 19. Kxd2 Qxc7 20. Qa3+ 1-0


[Site "https://www.chess.com"]

[Event "Titled Tuesday Blitz May 30 Late 2023"]
[White "Bringas Gomez, Artai"]
[Black "Mekhitarian, Krikor Sevag"]
[WhiteFideId "24534064"]
[BlackFideId "2107660"]
[WhiteElo "2179"]
[BlackElo "2604"]
[Result "0-1"]
[Round "05"]
[TimeControl "180+2"]
[Date "2023.05.31"]
[WhiteClock "0:00:11"]
[BlackClock "0:00:06"]

1. e4 e6 2. Nc3 d5 3. d4 Nf6 4. e5 Nfd7 5. f4 c5 6. Nf3 Nc6 7. Be3 cxd4 8. Nxd4 Qb6 9. Qd2 Qxb2 10. Rb1 Qa3 11. Bb5 Nxd4 12. Bxd4 a6 13. Bxd7+ Bxd7 14. Rxb7 Bb4 15. O-O Bc8 16. Rb6 O-O 17. Rb1 Bc5 18. R6b3 Qa5 19. Qe3 Bxd4 20. Qxd4 Bd7 21. Nd1 Rac8 22. Ne3 h6 23. h4 Rc7 24. h5 Rfc8 25. Kh2 Qc5 26. Qd2 d4 27. Ng4 Qxc2 28. Qxd4 Qf5 29. Rg3 Qxh5+ 30. Kg1 Kh8 31. Qd6 Qf5 32. Kh2 Qxb1 33. Nxh6 Qh7 34. Qe7 Bb5 35. Qd6 gxh6 36. f5 Rd7 37. Qd2 exf5 38. Qf4 Rg8 39. e6 fxe6 40. Qe5+ Rdg7 41. Qf6 f4 42. Rh3 Bd3 43. Rxh6 Qxh6+ 44. Qxh6+ Rh7 45. Kg1 Rxh6 46. a4 Rf6 47. a5 Rfg6 48. Kh1 Rg3 49. Kh2 Rxg2+ 50. Kh1 R2g3 51. Kh2 Bf5 52. Kh1 Rh3# 0-1


[Site "https://www.chess.com"]

[Event "Titled Tuesday Blitz May 30 Late 2023"]
[White "Janaszak, Dawid"]
[Black "Bordi, Kevin"]
[WhiteFideId "1119206"]
[BlackFideId "621862"]
[WhiteElo "2220"]
[BlackElo "2768"]
[Result "0-1"]
[Round "05"]
[TimeControl "180+2"]
[Date "2023.05.31"]
[WhiteClock "0:00:03"]
[BlackClock "0:00:06"]

1. d4 d5 2. Bf4 c5 3. e3 Nc6 4. Nf3 Nf6 5. Nbd2 e6 6. c3 Nh5 7. Be5 f6 8. Bg3 g6 9. Bd3 Be7 10. Qe2 cxd4 11. exd4 O-O 12. O-O-O b5 13. Nh4 f5 14. Bxb5 Nxd4 15. cxd4 Bxh4 16. Nf3 Bxg3 17. hxg3 Qb6 18. Rd2 Nf6 19. Ng5 Ne4 20. Nxh7 Rf7 21. Ng5 Nxg5 22. Be8 Rg7 23. Rc2 Ba6 24. Qe3 Rxe8 25. Qxg5 Rc8 26. Rxc8+ Bxc8 27. Qh6 Kf7 28. Qh8 Ba6 29. Kb1 Qc7 30. Ka1 Kf6 31. Qf8+ Rf7 32. Qh8+ Ke7 33. Re1 Qc8 34. Qe5 Rf6 35. Qf4 Kf7 36. Qh6 Ke7 37. Qg7+ Rf7 38. Qxg6 Qc6 39. Qg5+ Kd6 40. Qd8+ Qd7 41. Qb8+ Qc7 42. Qb4+ Kd7 43. Qa4+ Qc6 44. Qb4 Bc8 45. Kb1 Qd6 46. Qa4+ Ke7 47. Qc2 Bd7 48. Qd2 Ke8 49. Qh6 Qf8 50. Qg6 Qg7 51. Qh5 Qxd4 52. Rc1 Qf6 53. Qe2 f4 54. g4 e5 55. Ka1 e4 56. Qc2 Re7 57. g5 Qxg5 58. Qc7 Qe5 59. Qb7 e3 60. fxe3 fxe3 61. Rh1 e2 62. Qa8+ Kf7 63. Rh7+ Kg6 64. Qg8+ Kf5 65. Rh5+ Kf4 66. Rh4+ Ke3 67. Rh1 Kd2 0-1


[Site "https://www.chess.com"]

[Event "Titled Tuesday Blitz May 30 Late 2023"]
[White "Hambleton, Aman"]
[Black "Filgueira, Hernan"]
[WhiteFideId "2606577"]
[BlackFideId "101770"]
[WhiteElo "2511"]
[BlackElo "2363"]
[Result "1-0"]
[Round "05"]
[TimeControl "180+2"]
[Date "2023.05.31"]
[WhiteClock "0:00:05"]
[BlackClock "0:00:03"]

1. d4 d5 2. Bf4 c5 3. e3 Nc6 4. c3 cxd4 5. exd4 Nf6 6. Nd2 a6 7. Bd3 Bg4 8. Qb3 Na5 9. Qc2 Nc6 10. h3 Bh5 11. Ngf3 Bg6 12. Bxg6 hxg6 13. Ne5 e6 14. Ndf3 Nxe5 15. Bxe5 Be7 16. O-O O-O 17. Ne1 b5 18. Nd3 Rc8 19. Qe2 Qb6 20. a3 a5 21. Rfc1 b4 22. cxb4 axb4 23. a4 Qa6 24. Kf1 Nd7 25. Bf4 b3 26. Be3 Rc4 27. Nc5 Nxc5 28. dxc5 Bf6 29. Rxc4 dxc4 30. Rc1 Qxa4 31. Qxc4 Qa2 32. Bd4 Bg5 33. Re1 Bf6 34. Bxf6 gxf6 35. Qc3 Qa6+ 36. Kg1 Qb5 37. c6 Rc8 38. c7 Qb7 39. Rc1 Kg7 40. Qc4 e5 41. h4 Qb6 42. Rc3 e4 43. Rc1 Qe6 44. Qxe6 fxe6 45. g4 f5 46. Kg2 Kf6 47. Kg3 Ke5 48. h5 g5 49. Rc5+ Kd6 50. Rc3 f4+ 51. Kg2 e5 52. Kf1 Kd5 53. Ke2 Kd6 54. Rc4 Kd7 55. Kd2 Ra8 56. c8=Q+ Rxc8 57. Rxc8 Kxc8 58. h6 e3+ 59. fxe3 f3 60. Ke1 e4 61. h7 1-0


[Site "https://www.chess.com"]